 Dungeon Crawl Stone Soup version 0.18.1-6-gd335043 (webtiles) character file.

33 mistymad the Covered (level 3, -1/23 HPs)
             Began as a Gargoyle Fighter on May 20, 2016.
             Was an Initiate of Okawaru.
             Slain by a gnoll
             ... wielding a +0 halberd of flaming
              (3 damage)
             ... on level 2 of the Dungeon.
             The game lasted 00:02:37 (881 turns).

mistymad the Covered (Gargoyle Fighter)              Turns: 881, Time: 00:02:38

Health: -1/23      AC: 10    Str: 19    XL:     3   Next: 29%
Magic:  3/3        EV:  7    Int:  8    God:    Okawaru [......]
Gold:   63         SH:  9    Dex: 10    Spells: 0 memorised, 2 levels left

rFire  . . .     SeeInvis .     a - +0 flail
rCold  . . .     Gourm    .     b - +0 scale mail
rNeg   + . .     Faith    .     c - +0 shield
rPois  ∞         Spirit   .     (no helmet)
rElec  +         Dismiss  .     (no cloak)
rCorr  .         Reflect  .     (no gloves)
SustAt .         Harm     .     (no boots)
MR     .....                    (no amulet)
Stlth  ..........               (no ring)
                                (no ring)

@: not resistant to hostile enchantments, extremely unstealthy
A: negative energy resistance 1, electricity resistance, unbreathing,
petrification resistance, rot immunity, AC +3
a: Renounce Religion


You were on level 2 of the Dungeon.
You worshipped Okawaru.
Okawaru was noncommittal.
You were not hungry.

You visited 1 branch of the dungeon, and saw 2 of its levels.

You collected 63 gold pieces.

Inventory:

Hand Weapons
 a - a +0 flail (weapon)
Armour
 b - a +0 scale mail (worn)
 c - a +0 shield (worn)
Scrolls
 e - a scroll of magic mapping {unknown}
 h - a scroll of blinking {unknown}
 j - a scroll of recharging {unknown}
 l - a scroll of teleportation {unknown}
 o - a scroll of identify {unknown}
 q - a scroll of immolation {unknown}
Potions
 d - a potion of might
 i - a potion of brilliance {unknown}
 m - a potion of degeneration {unknown}
 n - a potion of heal wounds {unknown}
Comestibles
 f - a bread ration
 g - 2 chunks of flesh
 k - a meat ration
 p - a slice of pizza


   Skills:
 + Level 3.6 Fighting
 + Level 2.5 Maces & Flails
 + Level 3.7 Armour
 + Level 0.4 Dodging
 + Level 3.4 Shields


You had 2 spell levels left.
You didn't know any spells.

Dungeon Overview and Level Annotations

Branches:
Dungeon (2/15)

Altars:
Makhleb
Okawaru
Yredelemnul


Innate Abilities, Weirdness & Mutations

You are resistant to torment.
Your stone body is resilient (AC +3).
You are immune to poison.
You resist negative energy.
You are resistant to electric shocks.
You can survive without breathing.
You are immune to petrification.
You are immune to rotting.


Message History

You closely miss the goblin. The gnoll hits you but does no damage.
The kobold throws a stone.
The stone closely misses you. The goblin closely misses you.
The gnoll hits you but does no damage.
You sock the goblin!
You kill the goblin!
Okawaru accepts your kill. The gnoll hits you but does no damage.
You closely miss the kobold. You block the kobold's attack.
The gnoll hits you from afar with a halberd of flaming.
The gnoll burns you.
The gnoll hits you with a halberd of flaming!
Ouch! That really hurt!
* * * LOW HITPOINT WARNING * * *
The gnoll burns you.
* * * LOW HITPOINT WARNING * * *
You hit the gnoll.
The gnoll is lightly wounded.
You block the kobold's attack.
The gnoll hits you with a halberd of flaming.
You die...

# .. .. #. .#.. .....
.##.. ##.#. .....
#....##... ..... ....K....
....... #....# ......#...
#(# .......... #K#
..)......## ##@# #
##........### #.g# .##
.....>#.....###.## ...##
..#.....###.#...####......
..#....###....#......g.#
............>.#.##.....#
...................##..#
########..........#. ...#
########............. ...


You could see a gnoll and a kobold.

Vanquished Creatures
  2 dart slugs (D:1)
  3 giant geckos (D:1)
  3 bats
  A giant cockroach (D:1)
  A goblin (D:2)
  4 hobgoblins
  2 jackals (D:1)
  5 kobolds (D:1)
  A giant newt (D:1)
  2 rats
24 creatures vanquished.

Notes
Turn   | Place    | Note
--------------------------------------------------------------
     0 | D:1      | mistymad the Gargoyle Fighter began the quest for the Orb.
     0 | D:1      | Reached XP level 1. HP: 14/14 MP: 1/1
    70 | D:1      | Reached XP level 2. HP: 16/19 MP: 2/2
   511 | D:1      | Reached XP level 3. HP: 23/23 MP: 3/3
   787 | D:2      | Found a burning altar of Makhleb.
   787 | D:2      | Found a basalt altar of Yredelemnul.
   810 | D:2      | Found an iron altar of Okawaru.
   820 | D:2      | Became a worshipper of Warmaster Okawaru
   881 | D:2      | Slain by a gnoll

Action                   || total
-------------------------++-------
Melee: Flail             ||    95
Armor: Scale mail        ||    46
Dodge: Dodged            ||    34
Block: Shield            ||    62
